 Dungeon Crawl Stone Soup version 0.23.2-40-g277498a001 (webtiles) character file.

Game seed: 15324574818441946940

49 DildoBatman the Magician (level 4, -1/30 HPs)
             Began as a Formicid Wizard on Sept 10, 2019.
             Slain by an adder (5 damage)
             ... on level 2 of the Dungeon.
             The game lasted 00:03:00 (1530 turns).

DildoBatman the Magician (Formicid Wizard)          Turns: 1530, Time: 00:03:00

Health: -1/30      AC:  2    Str: 12    XL:     4   Next: 1%
Magic:  7/8        EV: 12    Int: 18    God:
Gold:   61         SH:  0    Dex:  9    Spells: 2/9 levels left

rFire    . . .     SeeInvis +   d - +0 club
rCold    . . .     Gourm    .   (no shield)
rNeg     . . .     Faith    .   a - +0 robe
rPois    .         Spirit   .   (helmet unavailable)
rElec    .         Reflect  .   (no cloak)
rCorr    .         Harm     .   (no gloves)
MR       .....                  (no boots)
Stlth    ++........             (no amulet)
HPRegen  0.10/turn              (no ring)
MPRegen  0.11/turn              (no ring)

@: lethally poisoned (-1 -> -7)
A: permanent stasis, dig shafts and tunnels, four strong arms, antennae 3
a: Dig, Shaft Self


You were on level 2 of the Dungeon.
You were not hungry.

You visited 1 branch of the dungeon, and saw 2 of its levels.

You collected 61 gold pieces.

Inventory:

Hand Weapons
 b - a +0 hunting sling
 d - a +0 club (weapon)
Missiles
 c - 28 arrows
 e - 20 sling bullets
 h - 16 bolts
 i - 29 stones (quivered)
 n - 3 curare-tipped needles
Armour
 a - a +0 robe (worn)
Scrolls
 j - a scroll of teleportation {unknown}
 k - a scroll of remove curse {unknown}
 m - a scroll of identify {unknown}
Potions
 f - a potion of resistance {unknown}
 g - 3 potions of lignification {unknown}
 l - a potion of mutation {unknown}
Comestibles
 v - 4 rations


   Skills:
 - Level 1.7 Dodging
 - Level 2.4 Stealth
 - Level 3.2 Spellcasting
 * Level 3.2 Conjurations
   Level 1.0 Summonings
   Level 0.8 Translocations


You had 2 spell levels left.
You knew the following spells:

 Your Spells              Type           Power        Failure   Level  Hunger
a - Conjure Flame         Conj/Fire      #.......     24%         3    ###....
c - Magic Dart            Conj           ##..         4%          1    None
e - Mephitic Cloud        Conj/Pois/Air  #.......     30%         3    ###....

Your spell library contained the following spells:

 Spells                   Type           Power        Failure   Level  Hunger
 Call Imp                 Summ           #.......     16%         2    ##.....
 Slow                     Hex            #.......     24%         2    ##.....
 Blink                    Tloc           Unusable     N/A         2    N/A

Dungeon Overview and Level Annotations

Branches:
Dungeon (2/15)

Altars:

Annotations:
D:1 Natasha
D:2 1 exclusion


Innate Abilities, Weirdness & Mutations

You cannot be hasted, slowed, berserked, paralysed or teleported.
You can dig through walls and to a lower floor.
Your four strong arms can wield two-handed weapons with a shield.
You have a pair of large antennae on your head. (SInv)


Message History

t - Shout!
Orders for allies: a - Attack new target. r - Retreat! s - Stop attacking. g - Guard the area. f - Follow me.
Anything else - Cancel.
You shout for attention!
You feel sick.
The giant cockroach bites you but does no damage.
The adder barely misses you. The giant cockroach barely misses you.
The adder bites you. What are your orders? t - Shout!
Orders for allies: a - Attack new target. r - Retreat! s - Stop attacking. g - Guard the area. f - Follow me.
Anything else - Cancel.
You shout for attention!
The adder bites you.
You die...

#.# #.# .#{ #.#
#.# ..
#.######.####..
#.............##
#..##########..#
#..# #..# #..#
#.@#
#.?.Ss..>...
###..#######
#... #.#.# #)#.#
#.#.# #. .#


You could see an adder and a giant cockroach.

Vanquished Creatures
  An ooze (D:2)
  A worm (D:2)
  4 dart slugs
  A leopard gecko (D:2)
  2 giant cockroaches (D:1)
  2 goblins
  2 hobgoblins
  4 jackals (D:2)
  6 kobolds
  3 bats (D:1)
  4 frilled lizards
  2 rats (D:1)
32 creatures vanquished.

Notes
Turn   | Place    | Note
-------+----------+-------------------------------------------
     0 | D:1      | DildoBatman the Formicid Wizard began the quest for the
                  | Orb.
     0 | D:1      | Reached XP level 1. HP: 13/13 MP: 4/4
    37 | D:1      | Reached skill level 1 in Conjurations
   269 | D:1      | Reached XP level 2. HP: 14/19 MP: 3/6
   846 | D:2      | Reached XP level 3. HP: 24/24 MP: 5/7
   948 | D:2      | Noticed Natasha
   977 | D:2      | Learned a level 3 spell: Conjure Flame
   981 | D:2      | Learned a level 3 spell: Mephitic Cloud
  1514 | D:2      | Reached XP level 4. HP: 30/30 MP: 5/8
  1530 | D:2      | Slain by an adder

Skill      XL: |  1  2  3 |
---------------+----------+-----
Conjurations   | 1 2 3 |  3.2
Dodging        | |  1.7
Stealth        | |  2.4
Spellcasting   | |  3.2
Summonings     | |  1.0
Translocations | |  0.8

Action                   |  1- 3 |  4- 6 || total
-------------------------+-------+-------++-------
Melee: Club              |    33 |       ||    33
 Cast: Magic Dart        |    79 |     1 ||    80
 Abil: Dig               |     1 |       ||     1
 Stab: Sleeping          |     2 |       ||     2
  Eat: Chunk             |     2 |       ||     2
Armor: Robe              |    10 |     8 ||    18
Dodge: Dodged            |    44 |    15 ||    59
